 Dungeon Crawl Stone Soup version 0.30-a0-800-g7c544603b3 (webtiles) character file.

Game seed: 2597909182182384281

4818 NinjaNoafa the Thaumaturge (level 10, -9/81 HPs)
             Began as a Purple Draconian Conjurer on Feb 22, 2023.
             Was a Follower of Vehumet.
             Mangled by a sixfirhy (12 damage)
             ... summoned by a kobold demonologist
             ... on level 9 of the Dungeon.
             The game lasted 00:39:59 (6569 turns).

NinjaNoafa the Thaumaturge (DrCj)                   Turns: 6569, Time: 00:39:59

Health: -9/81      AC: 10    Str: 10    XL:     10   Next: 24%
Magic:  5/22       EV: 13    Int: 22    God:    Vehumet [*.....]
Gold:   434        SH:  0    Dex: 10    Spells: 10/26 levels left

rFire   . . .      SeeInvis .    a - +4 long sword (protect)
rCold   . . .      Faith    .    (no shield)
rNeg    . . .      Spirit   .    (body armour unavailable)
rPois   +          Reflect  .    (helmet restricted)
rElec   .          Harm     .    u - +2 cloak
rCorr   .          Rampage  .    (no gloves)
Will    +....                    (no boots)
Stlth   ++                       (no amulet)
HPRegen 0.33/turn                B - ring of poison resistance
MPRegen 0.18/turn                (no ring)

@: lethally poisoned (-9 -> -11), slowed, very slow
A: breathe power, AC +7, unfitting armour, cold-blooded
a: Breathe Dispelling Energy, Renounce Religion


You were on level 9 of the Dungeon.
You worshipped Vehumet.
Vehumet was aware of your devotion.
You visited 2 branches of the dungeon, and saw 10 of its levels.
You also visited: Sewer.

You collected 489 gold pieces.
You spent 55 gold pieces at shops.

Inventory:

Hand Weapons
 a - a +4 long sword of protection (weapon)
 b - a +0 dagger of venom
 c - a +0 vampiric short sword
Missiles
 s - 3 boomerangs
 z - 5 curare-tipped darts
 E - 9 poisoned darts
Armour
 u - a +2 cloak (worn)
Jewellery
 B - a ring of poison resistance (left hand)
Wands
 k - a wand of charming (29)
 v - a wand of mindburst (17)
 F - a wand of iceblast (4)
 H - a wand of digging (5)
Scrolls
 e - a scroll of summoning {unknown}
 i - a scroll of fog {unknown}
 n - 3 scrolls of poison {unknown}
 o - 3 scrolls of amnesia
 p - a scroll of fear {unknown}
 r - a scroll of immolation {unknown}
 w - 3 scrolls of magic mapping {unknown}
 x - a scroll of vulnerability {unknown}
 A - 2 scrolls of enchant weapon {unknown}
 D - a scroll of teleportation {unknown}
 I - a scroll of noise {unknown}
Potions
 d - 3 potions of cancellation
 f - 3 potions of curing
 g - 2 potions of mutation
 h - a potion of lignification
 j - a potion of heal wounds
 l - a potion of attraction {unknown}
 m - 2 potions of resistance
 q - 2 potions of degeneration
 t - 5 potions of brilliance
 y - 5 potions of flight
 C - a potion of might {unknown}
 G - a potion of haste {unknown}


   Skills:
 - Level 5.0 Fighting
 - Level 5.0 Long Blades
 - Level 5.0 Dodging
 - Level 1.7 Stealth
 + Level 8.7 Spellcasting
 + Level 6.8 Conjurations
 + Level 6.9 Hexes
 - Level 5.0 Evocations


You had 10 spell levels left.
You knew the following spells:

 Your Spells              Type           Power      Damage    Failure   Level
a - Magic Dart            Conj           100%       1d8       1%          1
b - Searing Ray           Conj           78%        2d7       1%          2
c - Dazzling Flash        Conj/Hex       80%        N/A       1%          3
d - Fulminant Prism       Conj/Hex       20%        3d12      4%          4
e - Tukima's Dance        Hex            40%        N/A       1%          3
f - Confusing Touch       Hex            40%        N/A       1%          3

Your spell library contained the following spells:

 Spells                   Type           Power      Damage    Failure   Level
 Foxfire                  Conj/Fire      96%        2x1d8     1%          1
 Kiss of Death            Conj/Necr      96%        2d12      1%          1
 Portal Projectile        Hex/Tloc       50%        N/A       4%          3
 Stone Arrow              Conj/Erth      48%        3d10      4%          3
 Sandblast                Erth           18%        2d7       7%          1
 Passwall                 Tmut/Erth      7%         N/A       11%         2
 Iskenderun's Battlesphe  Conj           39%        2d9       12%         5
 Iskenderun's Mystic Bla  Conj/Tloc      24%        2d7       17%         4
 Dispel Undead            Necr           9%         3d8       56%         4
 Blade Hands              Tmut           4%         N/A       88%         5
 Iron Shot                Conj/Erth      12%        9d3       95%         6
 Starburst                Conj/Fire      12%        6d5       95%         6
 Spellforged Servitor     Conj/Summ      12%        N/A       100%        7


Dungeon Overview and Level Annotations

Branches:
Dungeon (9/15)             Temple (1/1) D:7           Sewer (visited)
   Lair: D:8-11         Orc: D:9-12

Altars:
Ashenzari
Cheibriados
Dithmenos
Elyvilon
Gozag
Kikubaaqudgha
Makhleb
Nemelex Xobeh
Okawaru
Qazlal
Ru
Trog
Uskayaw
Vehumet
Wu Jian
Xom
Zin
The Shining One

Shops:
D:3 [   D:6 ?!

Annotations:
D:3 3 runed translucent doors, ryw's ghost, weakling DsMo


Innate Abilities, Weirdness & Mutations

You can breathe bolts of dispelling energy.
Your rich purple scales are hard. (AC +7)
You cannot fit into any form of body armour.
You are cold-blooded and may be slowed by cold attacks.


Message History

Your fulminant prism crackles loudly.
The bullfrog hits your fulminant prism but does no damage.
The crimson imp barely misses you.
You feel sick.
The water moccasin is no longer blind.
The kobold brigand is no longer blind.
The bullfrog hits your fulminant prism but does no damage.
The bullfrog hits your fulminant prism. The sixfirhy hits you.
* * * LOW HITPOINT WARNING * * *
The sixfirhy shocks you!
* * * LOW HITPOINT WARNING * * *
The black bear misses you. The black bear closely misses you.
The black bear barely misses you. The quasit bites your fulminant prism.
The quasit claws your fulminant prism but does no damage. x2
Your fulminant prism explodes!
The blast of energy engulfs the kobold demonologist!
The kobold demonologist is moderately wounded.
The blast of energy engulfs the bullfrog!
The bullfrog is severely wounded.
The blast of energy engulfs the bullfrog!
The bullfrog is heavily wounded.
The blast of energy engulfs the quasit!
The quasit is severely wounded.
The blast of energy engulfs the kobold brigand!!
The kobold brigand is severely wounded.
The blast of energy engulfs the hellwing!
The hellwing is lightly wounded.
The blast of energy engulfs the black bear!!
The black bear is severely wounded.
The blast of energy engulfs the kobold!!
You kill the kobold!
Vehumet accepts your kill.
The blast of energy engulfs the water moccasin.
The water moccasin is heavily wounded.
The blast of energy engulfs the sixfirhy!!
The sixfirhy is severely wounded.
The crimson imp hits you but does no damage.
The sixfirhy hits you.
* * * LOW HITPOINT WARNING * * *
The sixfirhy shocks you!
You die...

#..#
#...#
#..#
#...#
#..#
#...#
#..#
#...#
#..#
#...#
#..#
#...#
#..#
#5..#
#.<#
#.@.#
#.)#
#Kh3#
#.†#
#.K.#
#).#


#SFF# #).# #..5# #..###3s.# #....54..###. #............ #...........P. You could
see a sun demon (summoned), a hellwing (summoned), a kobold demonologist, a
sixfirhy (summoned), a water moccasin, a black bear, a kobold brigand, 2
bullfrogs, a scorpion, a quasit (summoned), a crimson imp (summoned, blind) and
a white imp (summoned).

Vanquished Creatures
  A two-headed ogre (D:9)
  2 kobold demonologists (D:9)
  2 wyverns
  A steam dragon (D:6)
  A water moccasin (Sewer)
  3 orc warriors
  2 sky beasts
  A black bear (D:9)
  2 centaurs
  2 phantoms
  3 bullfrogs
  3 scorpions
  11 wights
  6 killer bees
  2 howler monkeys
  2 hounds
  A jelly (D:7)
  Crazy Yiuf (D:7)
  A gnoll bouda (D:8)
  4 orc priests (D:8)
  4 iguanas
  11 orc wizards
  9 gnolls
  9 adders
  An adder skeleton (D:2)
  4 worms
  5 dart slugs
  31 orcs
  3 ball pythons
  5 bats
  5 endoplasms
  2 giant cockroaches
  7 goblins
  6 hobgoblins
  4 jackals
  3 quokkas
  A ball python skeleton (D:2)
  5 frilled lizards
  6 kobolds
  5 rats
177 creatures vanquished.

Vanquished Creatures (collateral kills)
  An ogre (D:7)
1 creature vanquished.

Vanquished Creatures (others)
  2 dancing weapons (D:9)
  10 fulminant prisms
  41 fungi
  39 plants (D:9)
  5 withered plants (D:2)
97 creatures vanquished.

Grand Total: 275 creatures vanquished

Notes
Turn   | Place    | Note
-------+----------+-------------------------------------------
     0 | D:1      | NinjaNoafa the Draconian Conjurer began the quest for the
                  | Orb.
     0 | D:1      | Reached XP level 1. HP: 14/14 MP: 3/3
   388 | D:1      | Reached XP level 2. HP: 20/20 MP: 3/5
   394 | D:1      | Learned a level 2 spell: Searing Ray
   854 | D:2      | HP: 1/20 [poisoned by an adder]
   855 | D:2      | Reached skill level 1 in Fighting
  1044 | D:2      | Reached XP level 3. HP: 28/28 MP: 1/6
  1444 | D:2      | Reached skill level 3 in Spellcasting
  1444 | D:2      | Reached XP level 4. HP: 35/35 MP: 4/8
  1667 | D:3      | Noticed ryw's ghost (weakling DsMo)
  1788 | D:3      | Found a runed translucent gate.
  1788 | D:3      | Found a runed translucent gate.
  1794 | D:3      | Found a runed translucent gate.
  1863 | D:3      | Found a broken altar of Ashenzari.
  1921 | D:3      | Found Reimoef's Antique Armour Boutique.
  1961 | D:3      | Found a sparkling altar of Nemelex Xobeh.
  1963 | D:3      | Found a bloodstained altar of Trog.
  2064 | D:3      | Reached skill level 5 in Conjurations
  2318 | D:4      | Noticed a scorpion
  2341 | D:4      | Killed a scorpion
  2342 | D:4      | Reached XP level 5. HP: 40/40 MP: 0/10
  2419 | D:4      | Reached skill level 4 in Spellcasting
  2428 | D:4      | Found a sacrificial altar of Ru.
  2609 | D:4      | Noticed a phantom
  2698 | D:4      | Killed a phantom
  2699 | D:4      | Reached XP level 6. HP: 38/47 MP: 2/12
  3180 | D:5      | Entered Level 5 of the Dungeon
  3186 | D:5      | Reached skill level 5 in Spellcasting
  3220 | D:5      | Noticed an orc warrior
  3270 | D:5      | Found a stormy altar of Qazlal.
  3285 | D:5      | Found a glowing drain.
  3297 | Sewer    | Entered a sewer
  3372 | Sewer    | Noticed a water moccasin
  3400 | Sewer    | Killed a water moccasin
  3401 | Sewer    | Your scales start taking on a rich purple colour.
  3401 | Sewer    | Reached skill level 7 in Spellcasting
  3401 | Sewer    | Reached XP level 7. HP: 51/52 MP: 8/17
  3542 | D:5      | Noticed a gargoyle
  3561 | D:5      | Reached skill level 1 in Hexes
  3582 | D:4      | Learned a level 3 spell: Dazzling Flash
  3634 | D:5      | Reached skill level 1 in Evocations
  3800 | D:5      | Learned a level 3 spell: Tukima's Dance
  3869 | D:6      | Reached XP level 8. HP: 59/59 MP: 9/19
  3941 | D:6      | Found an opulent altar of Gozag.
  3978 | D:6      | Reached skill level 8 in Spellcasting
  4072 | D:6      | Found Totsesumn's Distillery.
  4090 | D:6      | Bought a potion of degeneration for 11 gold pieces
  4132 | D:6      | Reached skill level 5 in Hexes
  4280 | D:6      | Found an ornate altar of the Wu Jian Council.
  4311 | D:6      | Found Liuwan's Magic Scroll Boutique.
  4316 | D:6      | Bought a scroll of identify for 22 gold pieces
  4316 | D:6      | Bought a scroll of identify for 22 gold pieces
  4638 | D:6      | Reached skill level 1 in Long Blades
  4739 | D:6      | Reached XP level 9. HP: 37/69 MP: 0/21
  5228 | D:7      | Found a runed translucent door.
  5229 | D:7      | Noticed Crazy Yiuf
  5236 | D:7      | Learned a level 4 spell: Fulminant Prism
  5241 | D:7      | Killed Crazy Yiuf
  5330 | D:7      | Found a staircase to the Ecumenical Temple.
  5349 | Temple   | Entered the Ecumenical Temple
  5384 | Temple   | Became a worshipper of Vehumet
  5603 | D:8      | Reached skill level 5 in Evocations
  5995 | D:8      | Reached skill level 5 in Long Blades
  6242 | D:8      | Reached * piety under Vehumet
  6242 | D:8      | Offered knowledge of Foxfire by Vehumet.
  6339 | D:8      | Learned a level 3 spell: Confusing Touch
  6395 | D:9      | Noticed a kobold demonologist
  6396 | D:9      | Noticed a two-headed ogre
  6398 | D:9      | Noticed a kobold demonologist
  6399 | D:9      | Noticed a kobold demonologist
  6402 | D:9      | Reached skill level 5 in Fighting
  6404 | D:9      | Killed a kobold demonologist
  6405 | D:9      | Reached skill level 5 in Dodging
  6411 | D:9      | Killed a two-headed ogre
  6412 | D:9      | Reached XP level 10. HP: 47/81 MP: 2/22
  6566 | D:9      | Noticed a sixfirhy
  6568 | D:9      | Noticed a sun demon
  6569 | D:9      | HP: 3/81 [sixfirhy[a kobold demonologist] (3)]
  6569 | D:9      | Mangled by a sixfirhy

Illustrated notes

Levels and vault maps discovered:
D:1:      dpeg_arrival_line_fractal, layout_basic, serial_corexii_hall,
          corexii_hall_statues_t, chequers_hall_statues_corner_a,
          chequers_serial_rivers_marsh
D:2:      layout_loops_ring, serial_undead, serial_undead_b, serial_undead_f,
          serial_undead_f, serial_undead_e
D:3:      minmay_chambers_of_twos, layout_basic, marbit_many_paths,
          chequers_temple_overflow_statue_of_worship, serial_shops,
          nicolae_shop_temple_entry_statues_fountains, gammafunk_ghost_icy
D:4:      layout_loops_ring, nicolae_ru_awakened_eye
D:5:      layout_gridville, mainiacjoe_overflow_tiny_flanked,
          cheibrodos_sewer_entry_sluice
D:6:      layout_gridville, lemuel_round_altar, nzn_wu_jian_contemplation,
          serial_shops, kennysheep_little_box, shop
D:7:      layout_rooms, minmay_temple_entry_offerings, uniq_crazy_yiuf_cottage
D:8:      layout_loops_ring, solitary_fountain
D:9:      minmay_chambers_of_sixes, layout_long_grid,
          mainiacjoe_overflow_alcove_2, nicolae_overflow_hidden_temple,
          due_lair_maze_entry_diamond
Temple:   minmay_temple_bridge_abc

Skill      XL: |  1  2  3  4  5  6  7  8  9 |
---------------+----------------------------+-----
Fighting       | 1 3 5 |  5.0
Spellcasting   | 3 4 7 8 |  8.7
Conjurations   | 5 6 |  6.8
Hexes          | 3 6 |  6.9
Evocations     | 2 4 5 |  5.0
Dodging        | 3 5 |  5.0
Long Blades    | 2 5 |  5.0
Stealth        | |  1.7

Action                     |  1- 3 |  4- 6 |  7- 9 | 10-12 || total
---------------------------+-------+-------+-------+-------++-------
  Melee: Dagger            |    11 |       |    19 |       ||    30
         Punch             |     1 |       |       |       ||     1
         Short sword       |    24 |    37 |     1 |       ||    62
         Tailslap          |     5 |     6 |    10 |     3 ||    24
         Long sword        |       |       |    40 |    21 ||    61
   Cast: Magic Dart        |    32 |    45 |    26 |       ||   103
         Searing Ray       |    12 |    29 |    47 |     1 ||    89
         Dazzling Flash    |       |       |     8 |     3 ||    11
         Fulminant Prism   |       |       |     7 |     3 ||    10
         Tukima's Dance    |       |       |     5 |       ||     5
         Confusing Touch   |       |       |     1 |     1 ||     2
Ability: Breathe Dispellin |       |       |    26 |     2 ||    28
  Evoke: Wand              |       |       |       |     3 ||     3
    Use: Potion            |     2 |       |     3 |       ||     5
         Scroll            |       |     8 |     6 |       ||    14
   Stab: Invisible         |       |       |     1 |     1 ||     2
         Distracted        |       |       |     1 |       ||     1
 Armour: Skin              |     8 |    38 |    96 |    39 ||   181
  Dodge: Dodged            |    46 |    63 |   156 |    68 ||   333

Table legend: (Time is in decaauts)
 A = Elapsed time spent in this place.
 B = Non-inter-level travel time spent in this place.
 C = Inter-level travel time spent in this place.
 D = Time resting spent in this place.
 E = Time spent auto-exploring this place.
 F = Levels seen in this place.
 G = Mean time per level.
                   A        B        C        D        E       F      G
               +--------+--------+--------+--------+--------+-----+--------+
         Total |   6598 |   5371 |   1227 |     93 |    715 |  11 |  599.8 |
       Dungeon |   6372 |   5168 |   1204 |     93 |    696 |   9 |  708.0 |
        Temple |     58 |     35 |     23 |      0 |     19 |   1 |   58.0 |
         Sewer |    167 |    167 |      0 |      0 |      0 |   1 |  167.0 |
               +--------+--------+--------+--------+--------+-----+--------+

Top non-repeatable levels by time:
     D:6: 1040 daAuts
     D:8: 984 daAuts
     D:4: 921 daAuts
     D:1: 820 daAuts
     D:3: 730 daAuts
     D:2: 723 daAuts
     D:5: 528 daAuts
     D:7: 517 daAuts
   Sewer: 167 daAuts
     D:9: 105 daAuts
  Temple: 58 daAuts
